 Dungeon Crawl Stone Soup version 0.19-a0-1886-gd64a0f0 (webtiles) character file.

1796 Promi the Slasher (level 8, -7/62 HPs)
             Began as a Demigod Wanderer on Oct 16, 2016.
             Mangled by an ogre
             ... wielding a +0 giant club
              (25 damage)
             ... on level 6 of the Dungeon.
             The game lasted 00:20:54 (7092 turns).

Promi the Slasher (Demigod Wanderer)                Turns: 7092, Time: 00:20:56

Health: -7/62      AC: 16    Str: 21    XL:     8   Next: 53%
Magic:  10/10      EV:  6    Int: 14    God:
Gold:   31         SH:  0    Dex: 15    Spells: 0 memorised, 7 levels left

rFire  . . .     SeeInvis .     a - +4 falchion
rCold  . . .     Gourm    .     w - +3 plate armour
rNeg   . . .     Faith    .     (no shield)
rPois  .         Spirit   .     s - +0 helmet
rElec  .         Dismiss  .     (no cloak)
rCorr  +         Reflect  .     (no gloves)
MR     .....     Harm     .     (no boots)
Stlth  .......... Rnd*Tele +    (no amulet)
                                (no ring)
                                f - ring of resist corrosion

@: no status effects
A: frail 1, high mp 1, teleportitis 1
a: no special abilities


You were on level 6 of the Dungeon.
You were not hungry.

You visited 1 branch of the dungeon, and saw 6 of its levels.

You collected 301 gold pieces.
You spent 270 gold pieces at shops.

Inventory:

Hand Weapons
 a - a +4 falchion (weapon)
 c - a +0 hand crossbow
Missiles
 d - 59 bolts
Armour
 s - a +0 helmet (worn)
 v - a +0 shield
 w - a +3 plate armour (worn)
 y - a +0 scale mail
Jewellery
 f - a ring of resist corrosion (left hand)
 k - an uncursed amulet of regeneration
 q - an uncursed ring of positive energy {unknown}
Scrolls
 b - 9 scrolls of teleportation
 i - 4 scrolls of identify
 j - 3 scrolls of amnesia
 l - a scroll of fear
 p - a scroll of blinking
 r - 5 scrolls of remove curse
 x - a scroll of fog
Potions
 e - a potion of curing
Books
 n - a book of Misfortune

   Spells                             Type                      Level
   a - Confusing Touch                Hexes                        1
   b - Confuse                        Hexes                        3
   c - Gell's Gravitas                Hexes/Translocation          3
   d - Petrify                        Transmutation/Earth          4
   e - Metabolic Englaciation         Hexes/Ice                    5
   f - Yara's Violent Unravelling     Hexes/Transmutation          5
Comestibles
 h - 3 meat rations
 o - 2 slices of pizza
 t - a chunk of flesh
 z - a beef jerky
 A - a bread ration


   Skills:
 + Level 5.4 Fighting
 + Level 5.9 Long Blades
 + Level 5.5 Crossbows
 - Level 1.5 Throwing
 + Level 4.8 Armour
 - Level 1.0 Shields


You had 7 spell levels left.
You didn't know any spells.

Dungeon Overview and Level Annotations

Branches:
Dungeon (6/15)
 Temple: D:4-7

Shops:
D:5 ?


Innate Abilities, Weirdness & Mutations

You have an increased reservoir of magic. (+10% MP)
You are frail. (-10% HP)
You are occasionally teleported next to monsters.


Message History

Firing (i - inventory):
d - 61 bolts (quivered)
Press: ? - help, Shift-Dir - straight line, f/p - ogre
Aim: an ogre, wielding a giant club (lightly wounded)
You shoot a bolt. The bolt hits the ogre.
The ogre is moderately wounded.
Firing (i - inventory):
d - 60 bolts (quivered)
Press: ? - help, Shift-Dir - straight line, f/p - ogre
Aim: an ogre, wielding a giant club (moderately wounded)
You shoot a bolt. The bolt barely misses the ogre.
The ogre hits you with a giant club!
* * * LOW HITPOINT WARNING * * *
Wield which item (- for none, * to show all)? (? for menu, Esc to quit)
a - a +4 falchion (weapon)
You hit the ogre.
The ogre is heavily wounded.
You feel less woody.
Your +0 helmet unmelds from your body.
Your +3 plate armour unmelds from your body.
The ogre hits you with a giant club!!
You die...

.# ########.###
#..........#
#...#....+
#........#
#...#.####
##.##.# #
#.#.#.####..(.
#.)###@O.(((#
#.#)#†####..##
#.##.##.#####....
#?.............##
####..#..........
##.#.######.##
#.#..# ##.# ...


You could see an ogre.

Vanquished Creatures
  3 yaks (D:6)
  Duvessa (D:5)
  An orc warrior (D:5)
  A phantom (D:5)
  3 ogres
  Blork the orc (D:4)
  Dowan (D:5)
  2 scorpions (D:6)
  2 bullfrog zombies (D:5)
  An orc priest (D:6)
  An orc wizard (D:6)
  3 bullfrog skeletons
  2 iguanas
  5 worker ants
  3 gnolls (D:3)
  8 adders
  2 oozes
  An adder zombie (D:4)
  A worm (D:2)
  3 dart slugs (D:1)
  5 leopard geckos
  20 orcs
  3 giant cockroaches
  7 goblins
  9 hobgoblins
  10 kobolds
  3 quokkas
  3 bats
  6 frilled lizards
  A giant cockroach zombie (D:5)
  A quokka skeleton (D:5)
  7 rats
120 creatures vanquished.

Notes
Turn   | Place    | Note
-------+----------+-------------------------------------------
     0 | D:1      | Promi the Demigod Wanderer began the quest for the Orb.
     0 | D:1      | Promi set off with: a +2 falchion, a scroll of teleportation, a +0 hand crossbow, 25 bolts, a +0 robe, a bread ration
     0 | D:1      | Reached XP level 1. HP: 17/17 MP: 3/3
     4 | D:1      | Noticed an electric eel
     4 | D:1      | Noticed an electric eel
   398 | D:1      | Reached XP level 2. HP: 24/24 MP: 4/4
   903 | D:1      | Reached XP level 3. HP: 29/29 MP: 5/5
  1565 | D:2      | You fall through a shaft!
  1960 | D:3      | Reached XP level 4. HP: 31/37 MP: 6/6
  3104 | D:3      | Reached XP level 5. HP: 36/44 MP: 7/7
  3733 | D:2      | Found a stormy altar of Qazlal.
  3736 | D:2      | Noticed a fire elemental
  3736 | D:2      | Noticed an air elemental
  3736 | D:2      | Noticed a water elemental
  4004 | D:2      | Found a glowing silver altar of Zin.
  4638 | D:4      | Reached XP level 6. HP: 31/51 MP: 8/8
  5035 | D:4      | Found an ancient bone altar of Kikubaaqudgha.
  5133 | D:4      | Gained mutation: You are occasionally teleported next to monsters. [potion of mutation]
  5133 | D:4      | Gained mutation: You are frail. (-10% HP) [potion of mutation]
  5182 | D:5      | Entered Level 5 of the Dungeon
  5182 | D:5      | Noticed Blork the orc
  5219 | D:4      | Killed Blork the orc
  5726 | D:5      | Found Nyqiukk's Magic Scroll Emporium.
  5728 | D:5      | Noticed Duvessa
  5732 | D:5      | Noticed Dowan
  5739 | D:5      | Killed Duvessa
  5739 | D:5      | Reached XP level 7. HP: 53/53 MP: 9/9
  5747 | D:5      | Killed Dowan
  5775 | D:5      | Bought a scroll of enchant weapon for 75 gold pieces
  5775 | D:5      | Bought a scroll of enchant armour for 75 gold pieces
  5775 | D:5      | Bought 3 scrolls of teleportation for 90 gold pieces
  5775 | D:5      | Bought a scroll of teleportation for 30 gold pieces
  5990 | D:5      | Found a glowing golden altar of the Shining One.
  6149 | D:5      | Found a bloodstained altar of Trog.
  6252 | D:5      | Reached skill level 5 in Long Blades
  6818 | D:6      | Reached XP level 8. HP: 38/60 MP: 10/10
  6945 | D:6      | Reached skill level 5 in Crossbows
  7029 | D:6      | Reached skill level 5 in Fighting
  7092 | D:6      | Mangled by an ogre

Vault maps used:
D:1:      arrival_aquarium_b
D:2:      nicolae_qazlal_style_of_elements, nicolae_overflow_hidden_temple,
          grunt_ministairs_1
D:3:      minmay_misc_feat_hallway
D:4:      overflow_temple_1_default
D:5:      lemuel_coloured_pillars_altar, first_bread, serial_shops,
          nicolae_shop_trees, nicolae_tso_swordbearing_angel,
          uniq_blork_the_orc, uniq_duvessa
D:6:      nicolae_zen_rock_garden, kennysheep_generic_room_10,
          uniq_crazy_yiuf_cottage

Skill      XL: |  1  2  3  4  5  6  7  8 |
---------------+-------------------------+-----
Fighting       | 2 3 4 5 |  5.4
Long Blades    | 3 4 5 |  5.9
Crossbows      | 2 3 4 5 |  5.5
Armour         | 2 3 4 |  4.8
Throwing       | |  1.5
Shields        | |  1.0

Action                   |  1- 3 |  4- 6 |  7- 9 || total
-------------------------+-------+-------+-------++-------
Melee: Falchion          |   110 |   187 |   144 ||   441
 Fire: Hand crossbow     |    18 |    26 |    11 ||    55
  Use: Potion            |       |     6 |     3 ||     9
       Scroll            |       |     8 |     3 ||    11
 Stab: Sleeping          |     2 |     1 |       ||     3
  Eat: Chunk             |     3 |     8 |     5 ||    16
       Bread ration      |       |     1 |       ||     1
Armor: Robe              |    12 |       |       ||    12
       Leather armour    |    14 |    19 |       ||    33
       Ring mail         |       |    10 |       ||    10
       Plate armour      |       |    46 |    69 ||   115
       Skin              |       |       |    12 ||    12
Dodge: Dodged            |    69 |    76 |    32 ||   177
       Rpst.: Falchion   |    20 |    19 |     8 ||    47
